AoeStats
← jhonskull87

Oasis

509124820Analyzed
4v4 RM · 8d ago on Sep 25, 2026· 84m 55s· 8 players
Game mode
Random Map
Map size
Large (8 player)
Population
200
Speed
Normal
Resources
Standard
Victory
Conquest
Starting age
Dark Age
Ending age
Imperial Age
RankedLock teamsTeams togetherTeam positionsShared explorationLock speedFull tech treeHidden civsTurbo modeCheats
Victory
Defeat
🇨🇦 Spanish · Canada
741
+16
🇬🇧 Varangians · United Kingdom
730
+17
🇫🇷 Burgundians · France
705
+18
🇨🇿 Bohemians · Czechia
668
+19
🇫🇷 Bulgarians · France
805
-21
🇨🇳 Goths · China
792
-19
🇲🇽 Persians · Mexico
688
-15
🇵🇪 Saxons · Peru
685
-15
SlyScissors443
14:23 Feudal Age
15:37 Double-Bit Axe
17:39 Horse Collar
25:37 Castle Age
23:51 Stone Mining
24:07 Gold Mining
26:52 Bow Saw
26:56 Heavy Plow
27:36 Stone Shaft Mining
28:56 Wheelbarrow
28:08 Town Watch
29:41 Treadmill Crane
35:54 Imperial Age
33:43 Hand Cart
36:16 Scale Barding Armor
36:21 Forging
37:39 Chain Barding Armor
36:49 Elite Jarl
37:51 Conscription
40:01 Plate Barding Armor
40:02 Iron Casting
41:37 Bloodlines
41:28 Husbandry
43:10 Blast Furnace
47:07 Ballistics
47:49 Chemistry
Leeroy Jenkins 2012
1:52 Loom
11:46 Feudal Age
12:17 Town Watch
13:47 Double-Bit Axe
18:45 Castle Age
17:27 Stone Mining
17:35 Gold Mining
18:49 Horse Collar
21:49 Bow Saw
33:30 Wheelbarrow
32:57 Town Patrol
33:07 Man-at-Arms
33:41 Fletching
34:02 Forging
33:53 Scale Mail Armor
33:59 Scale Barding Armor
34:16 Ballistics
33:52 Murder Holes
34:24 Heavy Plow
35:20 Hand Cart
38:44 Imperial Age
38:23 Chain Barding Armor
38:40 Iron Casting
38:20 Chain Mail Armor
38:01 Bodkin Arrow
38:21 Masonry
38:23 Fortified Wall
38:04 Guard Tower
39:23 Fervor
39:10 Herbal Medicine
39:36 Sanctity
39:33 Redemption
39:44 Block Printing
39:59 Illumination
39:59 Conscription
40:00 Supremacy
39:41 Inquisition
39:11 Sappers
40:17 Hoardings
39:02 Elite Conquistador
41:12 Chemistry
40:43 Architecture
39:59 Arrowslits
40:43 Onager
41:46 Pikeman
42:27 Squires
42:12 Gambesons
41:48 Long Swordsman
42:14 Arson
43:01 Plate Mail Armor
43:31 Blast Furnace
42:32 Bracer
43:08 Plate Barding Armor
43:37 Halberdier
45:22 Caravan
45:53 Coinage
45:33 Guilds
48:38 Padded Archer Armor
49:01 Bombard Tower
49:17 Keep
52:36 Banking
51:55 Two-Handed Swordsman
52:44 Champion
84:05 Spies/Treason
vince69140
2:39 Loom
12:12 Feudal Age
13:21 Double-Bit Axe
13:21 Horse Collar
19:16 Fletching
22:08 Padded Archer Armor
25:27 Castle Age
23:50 Forging
23:41 Scale Mail Armor
30:32 Chain Mail Armor
31:11 Bodkin Arrow
31:48 Bow Saw
32:22 Wheelbarrow
31:39 Pikeman
32:19 Squires
32:05 Arson
32:38 Leather Archer Armor
33:15 Caravan
33:11 Crossbowman
35:17 Heavy Plow
42:14 Imperial Age
43:14 Hand Cart
45:46 Two-Man Saw
47:53 Chemistry
47:14 Ballistics
46:51 Murder Holes
47:57 Halberdier
47:58 Man-at-Arms
50:20 Masonry
49:51 Treadmill Crane
50:32 Bombard Tower
49:40 Long Swordsman
51:35 Crop Rotation
50:59 Gold Mining
50:59 Stone Mining
50:58 Town Watch
52:15 Elite Skirmisher
53:36 Stone Shaft Mining
53:37 Gold Shaft Mining
56:11 Architecture
55:52 Fortified Wall
55:33 Guard Tower
55:29 Arrowslits
55:49 Siphons
62:44 Two-Handed Swordsman
71:19 Conscription
71:06 Burgundian Vineyards
71:37 Hoardings
70:24 Elite Coustillier
74:39 Redemption
74:30 Atonement
74:41 Fervor
74:47 Block Printing
74:58 Illumination
74:34 Devotion
74:54 Sanctity
80:19 Sappers
82:04 Spies/Treason
Kapitan Klak
0:29 Loom
5:44 Loom
12:10 Feudal Age
12:44 Double-Bit Axe
15:45 Horse Collar
26:42 Castle Age
27:41 Bow Saw
27:33 Heavy Plow
30:36 Fortified Wall
32:11 Pikeman
32:52 Squires
33:07 Fervor
35:09 Town Watch
36:31 Masonry
38:21 Chemistry
40:34 Imperial Age
38:33 Arson
39:26 Caravan
41:05 Town Patrol
42:25 Two-Man Saw
41:47 Conscription
43:00 Architecture
43:27 Wagenburg Tactics
45:10 Coinage
46:27 Scale Mail Armor
48:12 Houfnice
49:38 Siege Engineers
49:37 Padded Archer Armor
49:27 Fletching
51:31 Wheelbarrow
52:09 Leather Archer Armor
51:50 Bodkin Arrow
52:06 Forging
52:12 Chain Mail Armor
52:28 Halberdier
54:37 Ring Archer Armor
54:07 Bracer
56:08 Hussite Reforms
60:56 Plate Mail Armor
61:02 Iron Casting
jhonskull87
15:57 Feudal Age
14:14 Loom
18:34 Double-Bit Axe
18:32 Horse Collar
20:01 Wheelbarrow
26:45 Forging
29:10 Castle Age
27:25 Gold Mining
27:28 Town Watch
28:12 Stone Mining
30:04 Heavy Plow
30:45 Caravan
31:45 Pikeman
32:26 Squires
32:12 Gambesons
33:31 Stone Shaft Mining
37:48 Gold Shaft Mining
37:48 Coinage
37:59 Bow Saw
38:12 Hand Cart
39:19 Iron Casting
38:35 Fletching
38:46 Padded Archer Armor
41:05 Murder Holes
41:30 Ballistics
41:22 Masonry
41:22 Husbandry
44:42 Imperial Age
42:33 Scale Mail Armor
43:32 Kamandaran
44:32 Town Patrol
44:21 Arson
46:34 Blast Furnace
46:42 Crop Rotation
47:10 Thumb Ring
46:27 Elite Skirmisher
47:51 Heavy Camel Rider
52:42 Crossbowman
53:36 Bloodlines
52:51 Light Cavalry
54:26 Hussar
55:55 Kamandaran
57:22 Bodkin Arrow
57:43 Leather Archer Armor
57:34 Scale Barding Armor
57:45 Chain Mail Armor
58:56 Halberdier
61:02 Elite War Elephant
69:50 Chain Barding Armor
70:00 Plate Mail Armor
70:35 Chemistry
70:07 Architecture
leonedu
14:13 Feudal Age
12:29 Loom
15:53 Town Watch
18:33 Castle Age
18:05 Double-Bit Axe
21:07 Bow Saw
25:42 Wheelbarrow
27:29 Hand Cart
27:38 Stone Mining
27:41 Gold Mining
28:08 Town Watch
30:43 Husbandry
34:07 Bloodlines
33:24 Light Cavalry
34:42 Caravan
35:12 Fletching
35:22 Murder Holes
38:47 Imperial Age
36:31 Scale Barding Armor
36:37 Forging
39:05 Chain Barding Armor
39:21 Iron Casting
38:49 Bodkin Arrow
38:59 Cavalier
40:11 Masonry
40:13 Fortified Wall
40:59 Town Patrol
41:20 Hussar
42:25 Scale Mail Armor
42:57 Pikeman
43:41 Squires
43:27 Arson
46:06 Architecture
45:18 Treadmill Crane
46:29 Conscription
46:50 Hoardings
45:46 Shield Wall
46:57 Elite Hearth Troop
47:35 Elite Skirmisher
49:04 Thumb Ring
51:30 Chemistry
50:50 Ballistics
50:47 Halberdier
50:50 Elite Varangian Guard
55:16 Siege Engineers
55:49 Coinage
55:30 Guilds
55:04 Heavy Scorpion
55:43 Clerical Recruitment
59:48 Banking
64:57 Bracer
64:59 Padded Archer Armor
65:15 Chain Mail Armor
kriber
0:52 Loom
17:32 Feudal Age
20:45 Wheelbarrow
19:52 Horse Collar
20:01 Double-Bit Axe
20:56 Scale Barding Armor
21:02 Forging
21:02 Fletching
21:51 Bloodlines
28:29 Castle Age
31:35 Heavy Plow
31:49 Bow Saw
31:43 Husbandry
32:25 Iron Casting
32:12 Chain Barding Armor
32:04 Caravan
33:12 Gold Mining
33:13 Stone Mining
34:59 Gold Shaft Mining
35:00 Stone Shaft Mining
34:40 Bodkin Arrow
35:50 Hand Cart
35:22 Town Watch
36:05 Stirrups
39:42 Imperial Age
38:18 Murder Holes
40:21 Elite Konnik
41:22 Conscription
41:50 Crop Rotation
42:05 Plate Barding Armor
44:43 Blast Furnace
45:55 Siege Engineers
纸片纸片
12:21 Feudal Age
12:11 Loom
13:37 Horse Collar
13:52 Double-Bit Axe
19:39 Castle Age
17:41 Man-at-Arms
19:59 Elite Skirmisher
20:59 Bow Saw
20:55 Heavy Plow
24:34 Town Watch
26:49 Wheelbarrow
27:54 Stone Mining
29:04 Gold Mining
30:00 Long Swordsman
34:48 Stone Shaft Mining
37:02 Imperial Age
36:13 Squires
35:34 Pikeman
36:30 Anarchy
36:57 Forging
36:48 Scale Mail Armor
36:54 Scale Barding Armor
36:53 Padded Archer Armor
36:43 Fletching
37:04 Halberdier
37:53 Perfusion
37:30 Capped Ram
39:48 Elite Huskarl
42:22 Light Cavalry
43:13 Bloodlines
43:04 Husbandry
46:47 Chemistry
48:15 Bodkin Arrow
48:35 Leather Archer Armor
48:46 Caravan
Connection lost

Rejoining the realm…

Still unreachable

The connection could not be restored.

Session expired

The server has moved on; the page needs a fresh start.